AoeStats
← Mhafiki

Arena

509808494Analyzed
1v1 RM · 3d ago on Sep 28, 2026· 29m 52s· 2 players
Game mode
Random Map
Map size
Tiny (2 player)
Population
200
Speed
Normal
Resources
Standard
Victory
Conquest
Starting age
Dark Age
Ending age
Imperial Age
RankedLock teamsTeams togetherTeam positionsShared explorationLock speedFull tech treeHidden civsTurbo modeCheats
Victory
Defeat
🇦🇷 Lithuanians · Argentina
1134
+16
🇺🇸 Poles · United States
1130
-16
Mhafiki
11:25 Feudal Age
12:06 Loom
14:58 Castle Age
14:44 Fletching
15:02 Double-Bit Axe
20:28 Crossbowman
22:01 Padded Archer Armor
23:12 Bloodlines
22:22 Light Cavalry
24:22 Forging
25:44 Leather Archer Armor
28:34 Thumb Ring
29:30 Bodkin Arrow
LIONETO
9:37 Feudal Age
14:05 Castle Age
12:32 Double-Bit Axe
12:39 Horse Collar
13:58 Scale Mail Armor
20:19 Loom
28:18 Imperial Age
26:32 Gold Mining
Connection lost

Rejoining the realm…

Still unreachable

The connection could not be restored.

Session expired

The server has moved on; the page needs a fresh start.